[Event "*** SCC Grand Prix: Titled Tuesday Blitz"]
[Site "Chess.com"]
[Date "2020.07.14"]
[Round "6"]
[White "anon569"]
[Black "guillejr"]
[Result "1-0"]
[WhiteElo "2284"]
[BlackElo "1960"]
[TimeControl "180+1"]
[EndTime "11:07:05 PDT"]
[Termination "anon569 won by checkmate"]

1. e4 c5 2. Nf3 d6 3. d4 cxd4 4. Nxd4 Nf6 5. Nc3 g6 6. Be3 Bg7 7. f3 O-O 8. Bc4 Nc6 9. Qd2 Bd7 10. h4 Rc8 11. Bb3 Ne5 12. O-O-O Nc4 13. Bxc4 Rxc4 14. Kb1 Qa5 15. Nb3 Qc7 16. Bd4 Rc8 17. Bxf6 Bxf6 18. Nd5 Qc6 19. Na5 Qb5 20. Nxf6+ exf6 21. Nxc4 Qxc4 22. Qxd6 Qxc2+ 23. Ka1 Be6 24. Qd4 Kg7 25. h5 h6 26. hxg6 Kxg6 27. Qe3 h5 28. Rc1 Qa4 29. b3 Qd7 30. Rxc8 Qxc8 31. g4 hxg4 32.
Qh6# 1-0

[Event "*** SCC Grand Prix: Titled Tuesday Blitz"]
[Site "Chess.com"]
[Date "2020.07.14"]
[Round "6"]
[White "MusicCityMaster"]
[Black "Mr_Sinigami"]
[Result "0-1"]
[WhiteElo "2425"]
[BlackElo "2575"]
[TimeControl "180+1"]
[EndTime "11:07:07 PDT"]
[Termination "Mr_Sinigami won by resignation"]

1. e4 c5 2. Nf3 e6 3. d4 cxd4 4.
Nxd4 a6 5. Bd3 Nf6 6. O-O Qc7 7.
c4 Nc6 8. Nxc6 dxc6 9. Nc3 e5 10. Qe2 Bc5 11. Be3 Bxe3 12. Qxe3 Be6 13. c5 O-O 14. Rfd1 Rad8 15. Be2 Qa5 16. h3 Qb4 17. b3 Rd4 18.
Na4 Rxe4 19. Qf3 Rf4 20. Qe3 Re4 21. Qf3 Bd5 22. Nc3 Rd4 23. Nxd5 Rxd5 24. Rxd5 cxd5 25.
Qe3 Re8 26. Rc1 d4 27. Qg3 Qd2 28. Rc4 Qxe2 29. c6 bxc6 30. Rxc6 Ne4 31. Qxe5 Rf8 32.
f3 Qe3+ 33. Kh2 Nd2 34. Qxe3 dxe3 35. Kg3 Re8 36. Rc2 e2 37. Rxd2 e1=Q+ 0-1

[Event "*** SCC Grand Prix: Titled Tuesday Blitz"]
[Site "Chess.com"]
[Date "2020.07.14"]
[Round "6"]
[White "AungTZ"]
[Black "harkerchess"]
[Result "0-1"]
[WhiteElo "2108"]
[BlackElo "2090"]
[TimeControl "180+1"]
[EndTime "11:07:08 PDT"]
[Termination "harkerchess won on time"]

1. e4 e5 2. Nf3 Nc6 3. d4 exd4 4. Nxd4 Nf6 5. Nc3 Bb4 6. Nxc6 bxc6 7. Bd3 d5 8. exd5 cxd5 9. O-O O-O 10. Bg5 c6 11. h3 Be7 12. Qf3 Be6 13. Ne2 c5 14. c3 Rb8 15. b3 h6 16. Bf4 Bd6 17. Rfd1 Bxf4 18. Nxf4 Qe7 19. Re1 Qd6 20. Rad1 Rbd8 21.
Bc2 Qb6 22. Nh5 Nxh5 23. Qxh5 a5 24. Qh4 Rfe8 25. Kh1 d4 26. cxd4 cxd4 27. Bd3 Qc5 28. Rc1 Qd5 29. Bc4 Qb7 30. Bxe6 fxe6 31. Qg4 Qf7 32.
Re4 e5 33. Rce1 Qf6 34. R4e2 d3 35. Rd2 Rd4 36. Re4 Red8 37. f3 Rxe4 38. Qxe4 Qd6 39.
Kg1 Qc5+ 40. Kh2 Qc3 41. Qe3 Kh7 42. Qe4+ Kh8 43. Qe3 Rd5 44. h4 Rd4 45. Kh3 Qc8+ 46.
g4 Qc3 47. g5 hxg5 48. Qxg5 Kg8 49. Kg3 Qa1 50. Kg2 Qe1 51. h5 e4 0-1

[Event "*** SCC Grand Prix: Titled Tuesday Blitz"]
[Site "Chess.com"]
[Date "2020.07.14"]
[Round "6"]
[White "KaspMagAlpha"]
[Black "whodee11"]
[Result "0-1"]
[WhiteElo "2253"]
[BlackElo "2405"]
[TimeControl "180+1"]
[EndTime "11:07:09 PDT"]
[Termination "whodee11 won by checkmate"]

1. d4 Nf6 2. c4 e6 3. g3 Bb4+ 4. Bd2 a5 5. Bg2 O-O 6. Nf3 Nc6 7. O-O Bxd2 8. Qxd2 d5 9. b3 Ne4 10. Qc2 f5 11. Nbd2 a4 12. e3 Bd7 13. cxd5 exd5 14. bxa4 Qe7 15. Qb3 Qd6 16. Nxe4 fxe4 17. Ne5 Nxe5 18.
dxe5 Qxe5 19. a3 Bxa4 20. Qa2 c6 21. Rab1 Bb5 22. Rfc1 Kh8 23. Rb4 Ra4 24. Rxa4 Bxa4 25. Qb1 Bb5 26. a4 Bxa4 27. Qxb7 Bb5 28. Qd7 Qf5 29.
Qxf5 Rxf5 30. Rd1 Rf8 31. Rd2 Kg8 32. Bh3 Kf7 33. Rc2 Ke7 34. Bg4 Ra8 35. Kg2 Ra1 36. f3 exf3+ 37. Bxf3 Kd6 38. e4 d4 39. e5+ Kxe5 40.
Bxc6 Bxc6+ 41. Rxc6 d3 42. Rc7 d2 43. Rd7 d1=Q 44.
Rxd1 Rxd1 45. Kh3 Kf5 46. Kh4 Rh1 47. h3 g5+ 48. Kh5 Rxh3# 0-1

[Event "*** SCC Grand Prix: Titled Tuesday Blitz"]
[Site "Chess.com"]
[Date "2020.07.14"]
[Round "6"]
[White "Airquake"]
[Black "Guenplen"]
[Result "0-1"]
[WhiteElo "2605"]
[BlackElo "2883"]
[TimeControl "180+1"]
[EndTime "11:07:10 PDT"]
[Termination "Guenplen won on time"]

1. e4 c5 2. Nf3 e6 3. c4 Nc6 4. Nc3 Nge7 5. g3 a6 6. Bg2 Nd4 7. Nxd4 cxd4 8. Ne2 Nc6 9. d3 Bb4+ 10. Bd2 Qa5 11. a3 Bxd2+ 12. Qxd2 Qxd2+ 13. Kxd2 b5 14. Rhc1 e5 15. cxb5 axb5 16. f4 f6 17. fxe5 fxe5 18. Bh3 Ke7 19. Rf1 d6 20. Bxc8 Rhxc8 21. b4 Nb8 22. Ra2 Nd7 23. Rfa1 Nb6 24. Nc1 Na4 25. g4 Rf8 26. Ne2 Rf2 27. h4 Raf8 28. Re1 Rg2 29. Rc2 Nc3 30. Rxc3 dxc3+ 31. Kxc3 Rff2 32. Kd2 Rxg4 33. Ke3 Rgg2 34. Nc3 Rc2 35. Kf3 Rgd2 36. Nd5+ Ke6 37.
Ke3 Rh2 38. Rf1 Rxh4 39. Kf3 Rhh2 0-1

[Event "*** SCC Grand Prix: Titled Tuesday Blitz"]
[Site "Chess.com"]
[Date "2020.07.14"]
[Round "6"]
[White "m_ezat"]
[Black "Kolle05"]
[Result "1-0"]
[WhiteElo "2552"]
[BlackElo "2379"]
[TimeControl "180+1"]
[EndTime "11:07:12 PDT"]
[Termination "m_ezat won by resignation"]

1. d4 Nf6 2. c4 e6 3. Nc3 Bb4 4. e3 b6 5. a3 Bxc3+ 6. bxc3 Bb7 7. f3 O-O 8. Bd3 d6 9. Ne2 c5 10. O-O Nc6 11. e4 Nd7 12. Bf4 e5 13. Bg3 cxd4 14. cxd4 Rc8 15. Rc1 Qe7 16. f4 Nxd4 17. Nxd4 exd4 18.
Re1 Nc5 19. e5 dxe5 20. Rxe5 Qf6 21. Bb1 Qc6 22. Rd5 Rcd8 23. Ba2 Rxd5 24. cxd5 Qf6 25. Bf2 Qxf4 26. g3 Qg5 27. Bxd4 Rd8 28. Rc3 Bxd5 29. Bxc5 bxc5 30. Rd3 c4 31. Bxc4 h5 32. Bxd5 Kh7 33.
Be4+ f5 34. Bxf5+ Qxf5 35. Rxd8 Qc5+ 36. Rd4 Qxa3 37. Qxh5+ 1-0

[Event "*** SCC Grand Prix: Titled Tuesday Blitz"]
[Site "Chess.com"]
[Date "2020.07.14"]
[Round "6"]
[White "MVM2008"]
[Black "romulocardoso"]
[Result "0-1"]
[WhiteElo "2220"]
[BlackElo "2106"]
[TimeControl "180+1"]
[EndTime "11:07:12 PDT"]
[Termination "romulocardoso won by resignation"]

1. e4 c5 2. Nf3 d6 3. d4 cxd4 4. Nxd4 Nf6 5. Nc3 g6 6. f3 Bg7 7. Be3 O-O 8. Bc4 Nc6 9. Bb3 Bd7 10. Qd2 Rc8 11. O-O-O Ne5 12. h4 h5 13. Bh6 Rxc3 14.
Bxg7 Rxc2+ 15. Nxc2 Kxg7 16. Kb1 a5 17. Nd4 a4 18. Bc2 Qb6 19. g4 Rc8 20. g5 Ne8 21.
b3 Nc4 22. Qc1 axb3 23. Bxb3 Na5 24. Qb2 e5 25. Nc2 Rc5 26. Rd5 Nxb3 27. Qxb3 Qxb3+ 28. axb3 Rc3 29. Kb2 Rxf3 30. Nb4 Be6 31. Rd3 Rf4 32. Re1 Rxh4 33. Nd5 Rg4 34. Nf6 Nxf6 35. gxf6+ Kxf6 36. Rxd6 Ke7 37. Rb6 h4 38. Rxb7+ Kf6 39. Rf1+ Kg5 40. Rb4 h3 41. Rh1 Rg2+ 42. Ka3 h2 43. Rc4 Bg4 44.
Rcc1 Bf3 45. Rcf1 Bxe4 46. b4 Rg3+ 47. Ka4 Bxh1 48. Rxh1 Rg2 49. b5 e4 50. b6 Rb2 51.
Ka5 f5 52. Ka6 Kg4 53. b7 Kh3 54. Ka7 Kg2 55. Rc1 h1=Q 56. Rc2+ Rxc2 57. b8=Q Qa1+ 58.
Kb7 Rb2+ 59. Kc6 Qc1+ 60. Kd5 Rxb8 0-1

[Event "*** SCC Grand Prix: Titled Tuesday Blitz"]
[Site "Chess.com"]
[Date "2020.07.14"]
[Round "6"]
[White "Igor_Lysyj"]
[Black "vovachesss"]
[Result "1-0"]
[WhiteElo "2807"]
[BlackElo "2609"]
[TimeControl "180+1"]
[EndTime "11:07:13 PDT"]
[Termination "Igor_Lysyj won on time"]

1. d4 Nf6 2. c4 c6 3. Nf3 d5 4. g3 Bg4 5. Ne5 Bf5 6. Qb3 Qb6 7. cxd5 Nxd5 8. Bg2 Qxb3 9. axb3 Nb4 10. O-O Nd7 11. e4 Nxe5 12. exf5 Ned3 13. Bd2 g6 14. Bc3 Nd5 15. Bxd5 cxd5 16. Rd1 Nxf2 17. Kxf2 gxf5 18. Nd2 h5 19. Nf3 e6 20. b4 Bd6 21. b5 f6 22. Ra4 h4 23. gxh4 Kd7 24. Rda1 Bb8 25. Bb4 Rc8 26. Bc5 a6 27. bxa6 b6 28. Bxb6 Rc2+ 29.
Kf1 Rxb2 30. Bc5 e5 31. Rb4 Rc2 32. Rb7+ Kc6 33. Rb6+ Kd7 34. Rxf6 e4 35. Ne1 Rxh2 36. Rxf5 Bg3 37. a7 e3 38. Rf3 Rg8 39. a8=Q Rxa8 40.
Rxa8 e2+ 41. Kg1 1-0

[Event "*** SCC Grand Prix: Titled Tuesday Blitz"]
[Site "Chess.com"]
[Date "2020.07.14"]
[Round "6"]
[White "CzechmVIII"]
[Black "Forantes"]
[Result "0-1"]
[WhiteElo "2195"]
[BlackElo "2366"]
[TimeControl "180+1"]
[EndTime "11:07:13 PDT"]
[Termination "Forantes won by resignation"]

1. e4 c5 2. Nf3 Nc6 3. Nc3 g6 4. d4 cxd4 5. Nxd4 Bg7 6. Be3 d6 7. Qd2 Nf6 8. f3 d5 9. Nxc6 bxc6 10. exd5 cxd5 11. Bb5+ Bd7 12. O-O-O Bxb5 13. Nxb5 Qb8 14. Qa5 O-O 15. Rhe1 Rc8 16. Bd4 Qxh2 17. Rxe7 Qxg2 18. Nc3 Qxf3 19. Ree1 Qf4+ 20. Kb1 Qc7 21. Qxc7 Rxc7 22. Bxf6 Bxf6 23. Nxd5 Rc6 24. Ne7+ Bxe7 25. Rxe7 Rf6 26. b3 h5 27. Rd4 g5 28. Rd5 Rg6 29. Ree5 f6 30.
Re7 h4 31. Rdd7 g4 32. Rh7 h3 33. Kb2 g3 34. Rxh3 g2 35. Rhd3 g1=Q 36. a4 Qh2 37.
Rc3 Qe5 38. Rc7 Rg3 0-1

[Event "*** SCC Grand Prix: Titled Tuesday Blitz"]
[Site "Chess.com"]
[Date "2020.07.14"]
[Round "6"]
[White "davigator"]
[Black "Ashedu66"]
[Result "1-0"]
[WhiteElo "2362"]
[BlackElo "2188"]
[TimeControl "180+1"]
[EndTime "11:07:13 PDT"]
[Termination "davigator won on time"]

1. e4 e5 2. Nf3 Nc6 3. Bc4 Bc5 4. c3 Qe7 5. d3 Nf6 6. Nbd2 O-O 7. O-O Bb6 8. a4 a6 9. h3 d6 10. Re1 Nd8 11.
d4 Be6 12. a5 Ba7 13. Qb3 Bxc4 14. Nxc4 Nd7 15. Ne3 Qe6 16. d5 Qg6 17. Nf5 Re8 18. Qc4 Rc8 19. Bg5 f6 20. Be3 Bxe3 21. Rxe3 Qf7 22.
N3h4 Kh8 23. Rg3 g6 24. Nh6 Qg7 25. N6f5 Qf7 26. Ne3 Nf8 27. Rf1 Qd7 28. Qa2 Nf7 29.
b4 Ng5 30. Qc2 Qb5 31. f4 exf4 32. Rxf4 Re7 33. Nf3 Nxf3+ 34. Rgxf3 Rce8 35. Rxf6 Kg7 36. R6f4 Nd7 37. Qd2 Ne5 38. Qd4 Qa4 39. Ng4 Qa1+ 40.
Rf1 Qb2 41. R4f2 Qb3 42. Nf6 1-0

[Event "*** SCC Grand Prix: Titled Tuesday Blitz"]
[Site "Chess.com"]
[Date "2020.07.14"]
[Round "6"]
[White "QuintilianoR"]
[Black "profofchess"]
[Result "1-0"]
[WhiteElo "2647"]
[BlackElo "2474"]
[TimeControl "180+1"]
[EndTime "11:07:14 PDT"]
[Termination "QuintilianoR won on time"]

1. e4 e6 2. d4 d5 3. Nd2 Nf6 4. e5 Nfd7 5. Bd3 c5 6. c3 Nc6 7. Ne2 cxd4 8. cxd4 f6 9. exf6 Nxf6 10. Nf3 Bd6 11.
O-O Qc7 12. Nc3 a6 13. Re1 O-O 14. h3 Bd7 15. Bd2 Rae8 16. Rc1 Re7 17. a3 Be8 18.
Ne5 Qb8 19. Nxc6 Bxc6 20. Bg5 Bd7 21. Na4 Bxa4 22. Qxa4 Bh2+ 23. Kh1 Bf4 24. Bxf4 Qxf4 25. Rc2 Ne4 26. Bxe4 dxe4 27. Re3 Qh4 28. Qb4 Ref7 29. Qd6 Rxf2 30. Rxf2 Qxf2 31. Qxe6+ Kh8 32. Qxe4 Qxb2 33. Qe7 Qf2 34. Qe5 h6 35. Rg3 Qf6 36. Qd5 Rd8 37. Qxb7 Rxd4 38. Kh2 Rd1 39. Qc8+ Kh7 40. Qc2+ 1-0

[Event "*** SCC Grand Prix: Titled Tuesday Blitz"]
[Site "Chess.com"]
[Date "2020.07.14"]
[Round "6"]
[White "natelleka"]
[Black "sotochess"]
[Result "0-1"]
[WhiteElo "2131"]
[BlackElo "2438"]
[TimeControl "180+1"]
[EndTime "11:07:14 PDT"]
[Termination "sotochess won on time"]

1. e4 d5 2. exd5 Qxd5 3. Nc3 Qa5 4. Bc4 Nf6 5. d3 c6 6. Ne2 Bg4 7. O-O e6 8. f3 Bf5 9. Ng3 Bg6 10. f4 Nbd7 11. f5 exf5 12. Re1+ Kd8 13. Qe2 Bd6 14.
Bd2 Re8 15. Qf2 Qb6 16. Rxe8+ Kxe8 17. Re1+ Kf8 18. Be3 Qc7 19. Nxf5 Bxf5 20. Qxf5 Bxh2+ 21. Kh1 Re8 22. Ne4 Be5 23. Ng5 g6 24. Qf2 Re7 25.
Qh4 h5 26. Rf1 Qd6 27. c3 Kg7 28. d4 Bg3 29. Qh3 Rxe3 30. Nxf7 Qe7 31. Ne5 Nxe5 32.
dxe5 Qxe5 33. Qc8 Re1 34. Qxb7+ Kh6 35. Qxc6 Rxf1+ 36. Bxf1 Qf4 37. Qb5 Qh4+ 0-1

[Event "*** SCC Grand Prix: Titled Tuesday Blitz"]
[Site "Chess.com"]
[Date "2020.07.14"]
[Round "6"]
[White "DrVitman"]
[Black "mirochka"]
[Result "0-1"]
[WhiteElo "2466"]
[BlackElo "2167"]
[TimeControl "180+1"]
[EndTime "11:07:14 PDT"]
[Termination "mirochka won on time"]

1. e4 c5 2. Nc3 Nc6 3. Bb5 g6 4. Bxc6 dxc6 5. d3 Bg7 6. f4 c4 7. Nf3 cxd3 8. cxd3 Bg4 9. Be3 e6 10. O-O Ne7 11. Qd2 O-O 12. d4 Bxf3 13. Rxf3 Qa5 14. f5 exf5 15. exf5 Nxf5 16. b4 Qd8 17. Rd1 Nxe3 18. Qxe3 Qd7 19. Ne4 Rae8 20. Qf4 f5 21.
Nc5 Qf7 22. Rfd3 Re2 23. d5 cxd5 24. Rxd5 Rfe8 25. Nd7 Re1+ 26. Rxe1 Rxe1+ 27. Kf2 Qxd5 28. Qb8+ Kf7 29. Kxe1 Qxd7 30. Qf4 Bf6 31. Kf2 Qe7 32. h4 b6 33. Kf3 Qd7 34. Qc4+ Kg7 35. h5 Qd1+ 36. Kg3 Qg4+ 0-1

[Event "*** SCC Grand Prix: Titled Tuesday Blitz"]
[Site "Chess.com"]
[Date "2020.07.14"]
[Round "6"]
[White "AJSC02"]
[Black "KyrgyzFighter"]
[Result "0-1"]
[WhiteElo "2104"]
[BlackElo "2277"]
[TimeControl "180+1"]
[EndTime "11:07:14 PDT"]
[Termination "KyrgyzFighter won by checkmate"]

1. e4 d6 2. d4 e5 3. dxe5 dxe5 4.
Qxd8+ Kxd8 5. Nf3 Bd6 6. Bc4 Ke7 7. Nc3 c6 8. h3 Nf6 9. Bg5 h6 10. Bh4 g5 11. Bg3 Nbd7 12. O-O-O b5 13. Bd3 Nh5 14. a4 Nxg3 15. fxg3 a6 16. Ne2 Nc5 17. g4 Nxa4 18. Ng3 c5 19. Nf5+ Bxf5 20. exf5 c4 21. Be4 Rab8 22. f6+ Kd7 23. Nxe5+ Ke6 24. Nc6 Bf4+ 25. Kb1 Rb6 26. Rhf1 Nc5 27. Nd4+ Kxf6 28. Bd5 Kg6 29. g3 Bxg3 30. Rxf7 Rd8 31. Rf5 Rbd6 32. Bf7+ Kg7 33. c3 Kh8 34. Rdf1 Ne4 35. Kc2 b4 36. cxb4 Rxd4 37. Bh5 Rd2+ 38. Kc1 c3 39. Rf8+ Rxf8 40. Rxf8+ Kg7 41. Rf7+ Kg8 42. Re7 cxb2+ 43. Kb1 Nc3# 0-1

[Event "*** SCC Grand Prix: Titled Tuesday Blitz"]
[Site "Chess.com"]
[Date "2020.07.14"]
[Round "6"]
[White "francyIM"]
[Black "BilodeauA"]
[Result "0-1"]
[WhiteElo "2651"]
[BlackElo "2824"]
[TimeControl "180+1"]
[EndTime "11:07:15 PDT"]
[Termination "BilodeauA won by resignation"]

1. c4 e5 2. Nc3 d6 3. g3 Nc6 4. Bg2 g6 5. e3 Bg7 6. Nge2 f5 7. d3 Nf6 8. Rb1 O-O 9. b4 a6 10. a4 Ne7 11. b5 axb5 12. axb5 c6 13. bxc6 bxc6 14.
O-O d5 15. cxd5 cxd5 16. f4 e4 17. Nd4 Kh8 18. Ncb5 Bd7 19. Ba3 Rg8 20. dxe4 dxe4 21. Qd2 Bxb5 22. Bxe7 Qxe7 23. Rxb5 Qa3 24. Rb7 Ng4 25.
Re1 Rab8 26. Rxb8 Rxb8 27. Ne6 Bc3 28. Qd7 Qb2 29. Rd1 h6 30. Qe7 Bf6 31. Qf7 Nxe3 32. Bf1 Nxd1 33. Be2 Ne3 34. Qxg6 Bg7 35. h3 Qf6 0-1

[Event "*** SCC Grand Prix: Titled Tuesday Blitz"]
[Site "Chess.com"]
[Date "2020.07.14"]
[Round "6"]
[White "Jbd735"]
[Black "Ranindu2003"]
[Result "0-1"]
[WhiteElo "2451"]
[BlackElo "2613"]
[TimeControl "180+1"]
[EndTime "11:07:15 PDT"]
[Termination "Ranindu2003 won on time"]

1. e4 g6 2. d4 Bg7 3. Nc3 d6 4.
Be3 a6 5. a4 b6 6. Nf3 Bb7 7. Bc4 e6 8. Qe2 Nd7 9. O-O h6 10. Rfd1 Ne7 11. Bf4 g5 12. Bg3 Ng6 13.
Qe3 Qe7 14. Re1 g4 15. Nd2 h5 16. f4 c5 17. Nb3 Rc8 18. d5 h4 19. Bf2 e5 20. f5 Nf4 21. Ne2 Bh6 22. Nxf4 exf4 23. Qc3 Ne5 24. Rf1 Bg7 25. Kh1 g3 26. Bg1 h3 27.
hxg3 Qg5 28. Rxf4 hxg2+ 29. Kxg2 Ng4 30. Qf3 Ne5 31. Qe2 Rg8 32. Bxa6 Bh6 33. Bb5+ Kf8 34.
Bh2 Qxf4 35. Qh5 Qxe4+ 0-1

[Event "*** SCC Grand Prix: Titled Tuesday Blitz"]
[Site "Chess.com"]
[Date "2020.07.14"]
[Round "6"]
[White "GothamChess"]
[Black "Oligan22"]
[Result "0-1"]
[WhiteElo "2587"]
[BlackElo "2463"]
[TimeControl "180+1"]
[EndTime "11:07:16 PDT"]
[Termination "Oligan22 won by resignation"]

1. e4 c5 2. a3 e6 3. b4 b6 4. Bb2 Nf6 5. e5 Nd5 6. Qf3 Nc6 7. c4 Nc7 8. b5 Na5 9. Bd3 Bb7 10. Qg3 g6 11. Nf3 Bg7 12. Nc3 O-O 13.
Ne4 Ne8 14. Rc1 Nb3 15. O-O Nxc1 16. Rxc1 f5 17. Neg5 h6 18. Nh3 g5 19. Nhxg5 hxg5 20. Nxg5 Qe7 21. Be2 f4 22. Qh4 Bh8 23. Bd3 Rf5 24.
Bxf5 exf5 25. Rc3 Bxe5 26. Re3 fxe3 27. Bxe5 exf2+ 28. Kxf2 Nf6 29. Bxf6 Qxf6 30. Qh7+ Kf8 31. Qh5 Ke7 32. Qh7+ Kd6 33. Qh4 Qd4+ 34. Qxd4+ cxd4 35. h4 Rg8 36. d3 a6 37. a4 axb5 38. axb5 Ke5 39. Kg3 f4+ 40. Kf2 Kf5 41. g3 Kg4 42. gxf4 Kxf4 0-1

[Event "*** SCC Grand Prix: Titled Tuesday Blitz"]
[Site "Chess.com"]
[Date "2020.07.14"]
[Round "6"]
[White "tsvet2005"]
[Black "NemtsevIgor"]
[Result "1-0"]
[WhiteElo "2585"]
[BlackElo "2337"]
[TimeControl "180+1"]
[EndTime "11:07:16 PDT"]
[Termination "tsvet2005 won by resignation"]

1. d4 Nf6 2. c4 g6 3. Nc3 Bg7 4. e4 d6 5. Be2 O-O 6. Be3 Nc6 7.
d5 Ne5 8. h3 c5 9. f4 Ned7 10.
Nf3 Nh5 11. Kf2 a6 12. g4 Nhf6 13. a4 Rb8 14. Qc2 e6 15. Rad1 exd5 16. cxd5 Re8 17. Nd2 b5 18. axb5 axb5 19. Nxb5 Nb6 20. Nc3 Nfd7 21.
Bf3 c4 22. Kg2 Nc5 23. Bxc5 dxc5 24. e5 Bb7 25. Nde4 Qh4 26. Nxc5 Rxe5 27. fxe5 Bxe5 28. Qf2 Qg5 29. Nxb7 Rxb7 30. d6 Rd7 31. Qxb6 Qf4 32. Qf2 Bxd6 33. Nd5 Qg5 34. Rhe1 h5 35. h4 Qd8 36.
Re8+ Qxe8 37. Nf6+ Kf8 38. Nxe8 Kxe8 39. Bc6 Kd8 40.
Bxd7 Kxd7 41. Qd4 1-0

[Event "*** SCC Grand Prix: Titled Tuesday Blitz"]
[Site "Chess.com"]
[Date "2020.07.14"]
[Round "6"]
[White "esrosenberg"]
[Black "Juanovic"]
[Result "1-0"]
[WhiteElo "2217"]
[BlackElo "2088"]
[TimeControl "180+1"]
[EndTime "11:07:16 PDT"]
[Termination "esrosenberg won by resignation"]

1. Nf3 c5 2. e4 d6 3. Bb5+ Nd7 4. O-O a6 5. Bxd7+ Qxd7 6. d4 cxd4 7. Qxd4 Nf6 8. e5 dxe5 9. Qxe5 e6 10. Nc3 Bd6 11. Qd4 O-O 12. Rd1 Bc7 13. Qh4 Qc6 14. Bg5 Nd5 15.
Nxd5 exd5 16. c3 Qd6 17. Be7 Qf4 18. Qxf4 Bxf4 19. Bxf8 Kxf8 20. Rxd5 Be6 21. Rd4 Bc7 22. a3 h6 23. Rad1 g6 24. h3 b5 25. g4 Kg7 26.
Kg2 a5 27. a4 bxa4 28. Re1 Rb8 29. Re2 Bb3 30. Rd7 Bf4 31. Ra7 Bc1 32. Rxa5 Rb7 33.
Nd4 Bc4 34. Rc2 Bxb2 35. Rxa4 Bd5+ 36. f3 Rb6 37. Ra5 Bc4 38. Rc5 Bd3 39. Rf2 Bc1 40. Rc7 Be3 41. Ra2 Bc4 42. Rxc4 1-0

[Event "*** SCC Grand Prix: Titled Tuesday Blitz"]
[Site "Chess.com"]
[Date "2020.07.14"]
[Round "6"]
[White "NefeLV"]
[Black "rududuyk"]
[Result "0-1"]
[WhiteElo "1819"]
[BlackElo "2069"]
[TimeControl "180+1"]
[EndTime "11:07:16 PDT"]
[Termination "rududuyk won by checkmate"]

1. c4 e5 2. Nc3 Nc6 3. e4 Bc5 4. Nge2 d6 5. g3 f5 6. Bg2 Nf6 7. O-O O-O 8. exf5 Bxf5 9. Na4 Bd4 10. Nxd4 Nxd4 11. Bxb7 Rb8 12. Bg2 Qe8 13. Nc3 Bd3 14. b3 Bxf1 15. Qxf1 Qh5 16. f4 Ng4 17. h3 Nh6 18. g4 Qh4 19. f5 g6 20. Nd5 gxf5 21. g5 Qxg5 22. d3 Qg7 23. Nxc7 f4 24. Nd5 Nhf5 25.
Bd2 Kh8 26. Re1 Rg8 27. Kh2 Qg3+ 28. Kh1 Nh4 29. Nf6 Qxg2+ 30. Qxg2 Rxg2 31. Bc3 Ndf3 32.
Re2 Rxe2 33. Bxe5 Rh2# 0-1

[Event "*** SCC Grand Prix: Titled Tuesday Blitz"]
[Site "Chess.com"]
[Date "2020.07.14"]
[Round "6"]
[White "Eternauta2400"]
[Black "swimmerchess"]
[Result "1-0"]
[WhiteElo "2720"]
[BlackElo "2817"]
[TimeControl "180+1"]
[EndTime "11:07:17 PDT"]
[Termination "Eternauta2400 won on time"]

1. c4 Nf6 2. Nc3 g6 3. e4 d6 4.
d4 Bg7 5. Nf3 O-O 6. Be2 e5 7. d5 a5 8. Bg5 h6 9. Be3 Ng4 10. Bd2 f5 11. h3 Nf6 12. exf5 gxf5 13. Qc1 f4 14. g3 e4 15. Nh4 e3 16. fxe3 fxg3 17. Ng6 g2 18. Rg1 Bxh3 19. Qc2 Na6 20.
Nf4 Qd7 21. Nxh3 Qxh3 22. O-O-O Ng4 23. Qg6 Nxe3 24. Bd3 Rf6 25. Qh7+ Kf7 26. Rde1 Nf5 27. Rxg2 Qxg2 28. Bxf5 Rh8 29. Be6+ Ke7 30. Bg4+ Kf8 31. Re8+ Kxe8 32. Qxg7 Qf1+ 33. Kc2 Nc5 34. Qxh8+ Ke7 35. Qg7+ Rf7 36. Qd4 Rf2 37. Qe3+ Kd8 38. Be2 Qg1 39.
Qxh6 1-0

[Event "*** SCC Grand Prix: Titled Tuesday Blitz"]
[Site "Chess.com"]
[Date "2020.07.14"]
[Round "6"]
[White "Sueetin"]
[Black "SzMM19"]
[Result "0-1"]
[WhiteElo "2333"]
[BlackElo "2561"]
[TimeControl "180+1"]
[EndTime "11:07:17 PDT"]
[Termination "SzMM19 won by resignation"]

1. d4 Nf6 2. c4 e6 3. Nf3 b6 4. a3 Bb7 5. Nc3 Ne4 6. Nxe4 Bxe4 7.
Nd2 Bg6 8. e4 Nc6 9. d5 Nd4 10.
Bd3 Be7 11. O-O O-O 12. f4 f5 13. e5 a5 14. b3 Qe8 15. Bb2 Bh5 16. Qe1 c5 17.
dxc6 Nxc6 18. Nb1 g5 19. Nc3 Qg6 20. Ne2 Qg7 21. Kh1 g4 22. Ng3 Bg6 23. Rd1 h5 24. Bc2 Ra7 25. Qe3 Rb7 26. Ne2 h4 27. Nc3 Bc5 28. Qd2 Nd4 29. Nb5 Nxc2 30. Qxc2 Bh5 31. Nd6 Rbb8 32. Qd2 g3 33. h3 Bxd1 34. Rxd1 Qh6 35.
b4 axb4 36. axb4 Bf2 37. Qe2 Qxf4 38. Rd4 Bxd4 0-1

[Event "*** SCC Grand Prix: Titled Tuesday Blitz"]
[Site "Chess.com"]
[Date "2020.07.14"]
[Round "6"]
[White "sea-needle"]
[Black "GianmarcoVaR"]
[Result "1-0"]
[WhiteElo "2334"]
[BlackElo "2501"]
[TimeControl "180+1"]
[EndTime "11:07:17 PDT"]
[Termination "sea-needle won on time"]

1. c4 Nf6 2. g3 e5 3. Bg2 c6 4. Nf3 e4 5. Nd4 d5 6. d3 Bc5 7. Nb3 Bb6 8. cxd5 cxd5 9. dxe4 Nxe4 10. Bxe4 dxe4 11. Qxd8+ Bxd8 12. Nc3 f5 13. Bf4 Kf7 14. O-O-O Bf6 15. Nb5 Be6 16. Nc7 Rc8 17. Kb1 g5 18.
Bd6 Rxc7 19. Bxc7 Na6 20. Ba5 b6 21. Bc3 Bxc3 22. bxc3 Rc8 23. Rc1 Nc7 24. Rhd1 Kf6 25. Kb2 Ke5 26. Nd4 Bd5 27. c4 Bb7 28. Nb5 Ne6 29. Nxa7 Rc5 30. Nb5 f4 31. a4 Bc6 32.
Rc3 h5 33. e3 f3 34. Kb3 h4 35. Nd4 Bd7 36. Kb4 Ra5 37. Nxe6 Kxe6 38. Ra3 Bc6 39. Rc1 Ra8 40. c5 bxc5+ 41. Rxc5 Rb8+ 42. Kc3 Bd5 43. a5 Ra8 44. a6 Kd6 45. Raa5 Bc6 46. Rxg5 hxg3 47.
hxg3 Kc7 48. a7 Kb6 49. Ra3 Rc8 50. Kd4 Ba8 51. Rg6+ Kb7 52. Rg7+ Kb6 53. Rb3+ Ka6 54. Rb8 1-0

[Event "*** SCC Grand Prix: Titled Tuesday Blitz"]
[Site "Chess.com"]
[Date "2020.07.14"]
[Round "6"]
[White "MacDaddyMac"]
[Black "ljuks68"]
[Result "0-1"]
[WhiteElo "2306"]
[BlackElo "2448"]
[TimeControl "180+1"]
[EndTime "11:07:17 PDT"]
[Termination "ljuks68 won on time"]

1. e4 e6 2. d4 d5 3. e5 c5 4. c3 Nc6 5. Nf3 Qb6 6. a3 c4 7. Be2 Na5 8. Nbd2 Bd7 9. O-O Ne7 10. Ng5 h6 11. Nh3 Nf5 12. g4 Nh4 13. f4 h5 14.
gxh5 Nf5 15. Nf3 Nb3 16. Rb1 Nxc1 17. Qxc1 Rxh5 18. Nfg5 Rh6 19. Kg2 f6 20. Nf3 Be7 21.
Nf2 O-O-O 22. Ng4 Rh7 23. b4 cxb3 24. Bd1 Nh4+ 25. Nxh4 Rxh4 26. h3 Rdh8 27. Rf3 Be8 28. Rxb3 Qc7 29. Nf2 Bg6 30. Rg3 Bf5 31. Bg4 g5 32.
Bxf5 exf5 33. exf6 Bxf6 34. fxg5 Be7 35. g6 Bd6 36. g7 Rg8 37. Rg4 Rxg7 0-1

[Event "*** SCC Grand Prix: Titled Tuesday Blitz"]
[Site "Chess.com"]
[Date "2020.07.14"]
[Round "6"]
[White "abykhovsky"]
[Black "iaraldinho"]
[Result "1-0"]
[WhiteElo "2717"]
[BlackElo "2544"]
[TimeControl "180+1"]
[EndTime "11:07:18 PDT"]
[Termination "abykhovsky won by resignation"]

1. d4 f5 2. Nc3 Nf6 3. Bg5 e6 4. e4 fxe4 5. Nxe4 Be7 6. Bxf6 Bxf6 7. Nf3 O-O 8. c3 d5 9. Nxf6+ Qxf6 10. Qc2 c5 11.
dxc5 Nc6 12. Be2 e5 13. O-O e4 14. Nd4 Nxd4 15. cxd4 Qxd4 16. Rad1 Qf6 17. Rxd5 Be6 18. Rd6 Rae8 19. Bc4 Qe5 20. Rxe6 Rxe6 21. Re1 Rd8 22. g3 Rd4 23. Qb3 Rxc4 24. Qxc4 h5 25. h4 Kh7 26.
Re2 g6 27. b4 Qa1+ 28. Kg2 Qe5 29. Re3 Re7 30. a3 Qf5 31. Qc2 a6 32. a4 Qd5 33.
Kg1 Qd4 34. b5 axb5 35. axb5 Rc7 36. Rxe4 Rxc5 37. Rxd4 Rxc2 38. Rd7+ Kh6 39. Rxb7 Rb2 40. Kf1 Rb1+ 41. Ke2 Rb2+ 42. Ke3 Rb3+ 43. Kd4 Rb2 44. f4 Rb3 45. b6 Rxg3 46. Rc7 Rb3 47. b7 Rb1 48.
Ke5 Rb6 49. Kd5 Rb1 50. Kc6 g5 51. fxg5+ 1-0